 Dungeon Crawl Stone Soup version 0.15.0-12-gccce430 (console) character file.

238 gw the Cudgeler (level 6, 0/66 HPs)
             Began as an Ogre Berserker on Sept 1, 2014.
             Was a Priest of Trog.
             Slain by a gnoll
             ... wielding a +0 spear
              (5 damage)
             ... on Level 3 of the Dungeon.
             The game lasted 00:01:59 (5454 turns).

gw the Cudgeler (Ogre Berserker)                    Turns: 5454, Time: 00:01:59

HP   0/66        AC  3     Str 23      XL: 6   Next:  7%
MP   6/6         EV 11     Int  6      God: Trog [***...]
Gold 0           SH  0     Dex 11      Spells:  0 memorised,  5 levels left

rFire  . . .     SeeInvis .     a - +0 mace
rCold  . . .     Clarity  .     b - +0 animal skin
rNeg   . . .     rCorr    .     (shield restricted)
rPois  .         rRot     .     (helmet restricted)
rElec  .         Spirit   .     (no cloak)
SustAb .         Warding  .     (gloves unavailable)
rMut   .         Stasis   .     (boots unavailable)
Gourm  .                        o - amulet of rage
MR     ++...                    (no ring)
                                (no ring)

@: regenerating, very resistant to hostile enchantments, very unstealthy
A: unfitting armour, tough skin 1
a: Burn Spellbooks, Berserk, Trog's Hand, Renounce Religion, Evoke Berserk Rage


You were on level 3 of the Dungeon.
You worshipped Trog.
Trog was most pleased with you.
You were hungry.

You visited 1 branch of the dungeon, and saw 3 of its levels.

Inventory:

Hand weapons
 a - a +0 mace (weapon)
Missiles
 d - 94 stones (quivered)
 g - 2 tomahawks
 p - 4 large rocks
Armour
 b - a +0 animal skin (worn)
Comestibles
 c - 2 meat rations
 h - a bread ration
 i - a slice of pizza
 n - a royal jelly
Scrolls
 e - 3 scrolls of identify
 f - 2 scrolls of amnesia
 k - a scroll of remove curse
 l - a scroll of random uselessness
Jewellery
 o - an amulet of rage (around neck)
Potions
 j - a potion of restore abilities
 m - a potion of poison


   Skills:
 + Level 5.0 Fighting
 * Level 6.2 Maces & Flails
 + Level 2.5 Throwing
 + Level 3.9 Dodging


You had 5 spell levels left.
You didn't know any spells.

Dungeon Overview and Level Annotations

Branches:
Dungeon (3/15)

Altars:


Innate Abilities, Weirdness & Mutations

You are too large for most types of armour.
You have tough skin (AC +1).


Message History

You feel slightly more hungry.
The gnoll hits you from afar with a spear.
The gnoll hits you.
Use which ability? (? or * to list)
Your black bear goes berserk!
You feel somewhat more hungry.
You can no longer call in reinforcements.
The gnoll hits you from afar with a spear.
The gnoll hits you.
ATTACKING (0,1)
You sock the gnoll!
You kill the gnoll!
Trog accepts your kill.
The gnoll hits you from afar with a spear.
The gnoll closely misses you.
ATTACKING (0,1)
You hit the gnoll.
The gnoll is moderately wounded.
The gnoll hits you from afar with a spear.
You die...

#.# ### #.# #. #.# #.# #. #.#
########.# #. #.# #......#)# #.
#.# #.#.[....# #. # #.#
#.#.###### #. # #.# #.#.# #[ #
#.# #h#.# #. ######.# #O#.#
###########< .......#########g#.#
#........##. #####.)##......g.#)#
#.######.##. #####..##........#.#
#.# #.##. ....#..##........#.#
#.# #....
###.#............#.###.##########
#.#............#..........<.#
#.#.........########.######.#
###.#.........# #........#.#


You could see 2 gnolls and a friendly black bear (berserk).

Table legend:
 A = Turns spent in this place as a percentage of turns spent in the entire game.
 B = Non-inter-level travel turns spent in this place as a percentage of non-inter-level travel turns spent in the entire game.
 C = Inter-level travel turns spent in this place as a percentage of turns spent in this place.
 D = Turns resting spent in this place as a percentage of non-inter-level travel turns spent in this place.
 E = Turns spent auto-exploring this place as a percentage of non-inter-level travel turns spent in this place.
 F = Non-inter-level travel turns spent in this place divided by the number of levels of this place that you've seen.
                   A       B       C       D       E      F
               +-------+-------+-------+-------+-------+----------------------
         Total | 100.0 | 100.0 |   0.3 |   9.5 |  20.1 | 346.7
       Dungeon | 100.0 | 100.0 |   0.3 |   9.5 |  20.1 | 346.7
               +-------+-------+-------+-------+-------+----------------------

Table legend:
 A = Kills in this place as a percentage of kills in entire the game.
 B = Kills by you in this place as a percentage of kills by you in the entire game.
 C = Kills by friends in this place as a percentage of kills by friends in the entire game.
 D = Other kills in this place as a percentage of other kills in the entire game.
 E = Experience gained in this place as a percentage of experience gained in the entire game.
 F = Experience gained in this place divided by the number of levels of this place that you have seen.
                   A       B       C       D       E      F
               +-------+-------+-------+-------+-------+----------------------
         Total | 100.0 | 100.0 |  -nan |  -nan | 100.0 | 113.7
       Dungeon | 100.0 | 100.0 |  -nan |  -nan | 100.0 | 113.7
               +-------+-------+-------+-------+-------+----------------------

Vanquished Creatures
  Terence (D:2)
  A gnoll (D:3)
  4 adders
  2 giant mites (D:3)
  7 worms
  5 giant geckos
  3 oozes
  3 orcs (D:3)
  2 ball pythons
  10 bats
  7 giant cockroaches
  13 goblins
  10 hobgoblins
  16 jackals
  10 kobolds
  A quokka (D:2)
  5 giant newts
  11 rats
111 creatures vanquished.

Vanquished Creatures (others)
  A plant (D:2)
1 creature vanquished.

Grand Total: 112 creatures vanquished

Notes
Turn   | Place    | Note
--------------------------------------------------------------
     0 | D:1      | gw, the Ogre Berserker, began the quest for the Orb.
     0 | D:1      | Reached XP level 1. HP: 24/24 MP: 1/1
    78 | D:1      | Reached XP level 2. HP: 13/32 MP: 2/2
   550 | D:1      | Reached skill level 1 in Throwing
  1016 | D:1      | Reached XP level 3. HP: 40/40 MP: 3/3
  1239 | D:1      | Acquired Trog's second power
  2187 | D:1      | Reached XP level 4. HP: 49/49 MP: 4/4
  2248 | D:1      | Gained mutation: Your system is resistant to poisons. [potion of mutation]
  2248 | D:1      | Gained mutation: Your muscles are strong. (Str +2) [potion of mutation]
  2248 | D:1      | Gained mutation: You can spit poison. [potion of mutation]
  2405 | D:2      | Noticed Terence
  2445 | D:2      | Reached skill level 5 in Maces & Flails
  2493 | D:2      | Killed Terence
  3270 | D:2      | Reached XP level 5. HP: 44/55 MP: 5/5
  4119 | D:3      | Found a glowing drain.
  4526 | D:3      | Reached skill level 5 in Fighting
  4526 | D:3      | Reached skill level 6 in Maces & Flails
  4781 | D:3      | Acquired Trog's third power
  5330 | D:3      | Reached XP level 6. HP: 55/66 MP: 6/6
  5406 | D:3      | Lost mutation: Your muscles are strong. (Str +2) [potion of cure mutation]
  5406 | D:3      | Lost mutation: Your system is resistant to poisons. [potion of cure mutation]
  5406 | D:3      | Lost mutation: You can spit poison. [potion of cure mutation]
  5453 | D:3      | HP: 3/66 [gnoll/spear (4)]
  5454 | D:3      | Slain by a gnoll

Action                   |  1- 3 |  4- 6 || total
-------------------------+-------+-------++-------
Melee: Mace              |   164 |   161 ||   325
Throw: Stone             |    61 |   206 ||   267
Invok: Berserk           |     2 |       ||     2
       Trog's Hand       |       |     2 ||     2
       Brothers in Arms  |       |     1 ||     1
  Use: Scroll            |       |     8 ||     8
       Potion            |       |     8 ||     8
  Eat: Chunk             |     5 |    11 ||    16

Vault maps used:
D:1:      co_arrival_random_square_maze, st_stairs_14,
          hangedman_decor_clover_reticule
D:2:      minmay_misc_feat_enclosed, minmay_gold_behind_plants, uniq_terence
D:3:      gup_sewer_entry_spiral
